 Dungeon Sprint DCSS version 0.30-a0-918-g0ff054e9dc (webtiles) character file.

Game seed: 12525885828097966605

70276 BigDaddyOpFi the Green Death (level 15, -23/148 (162) HPs)
             Began as a Hill Orc Fighter on Mar 20, 2023.
             Was a High Priest of Fedhas.
             Killed from afar by a deep elf death mage (60 damage)
             ... with a bolt of negative energy
             ... in the Dungeon (Sprint VII: "The Pits").
             The game lasted 00:16:00 (5934 turns).

BigDaddyOpFi the Green Death (Hill Orc Fighter)     Turns: 5934, Time: 00:16:01

HP:   -23/148 (162) AC: 36    Str: 33    XL:     15   Next: 32%
MP:   22/32         EV: 14    Int:  8    God:    Fedhas [*****.]
Gold: 86            SH: 21    Dex: 10    Spells: 14/14 levels left

rFire   . . .      SeeInvis +    N - +9 broad axe
rCold   . . .      Faith    .    A - +1 tower shield
rNeg    . . .      Spirit   .    B - +9 plate armour
rPois   .          Reflect  .    x - +1 helmet {SInv}
rElec   .          Rampage  +    c - +0 cloak of Joteodeugh {Regen+}
rCorr   .          NoTele   +    (no gloves)
Will    +....                    F - +0 pair of boots {rampage} Stlth
                                 G - amulet of Vitality {RegenMP++ Regen++}
HPRegen 2.84/turn                K - +6 ring of evasion
MPRegen 1.03/turn                Q - +6 ring of strength

@: drained
A: no striking features
a: Renounce Religion, Wall of Briars, Grow Ballistomycete, Overgrow, Grow Oklob


You were in the Dungeon.
You worshipped Fedhas.
Fedhas was extremely pleased with you.
You visited 1 branch You collected 86 gold pieces.

Inventory:

Hand Weapons
 a - a +5 broad axe
 r - a +1 broad axe of freezing
 N - a +9 broad axe (weapon)
Armour
 c - the +0 cloak of Joteodeugh (worn) {Regen+}
   (You found it in the Dungeon)

   Regen:     It increases your rate of health regeneration.
 l - a +1 pair of boots of stealth
 x - a +1 helmet of see invisible (worn)
 z - the +6 chain mail of Inquiry {Int+6 SInv}
   (You found it in the Dungeon)

   Int:       It affects your intelligence (+6).
   SInv:      It lets you see invisible.
 A - a +1 tower shield (worn)
 B - a +9 plate armour (worn)
 F - a +0 pair of boots of rampaging (worn)
 M - a +0 tower shield of reflection
 O - a +0 cloak of preservation
Jewellery
 d - a +3 ring of intelligence
 m - a +3 ring of strength
 o - the ring "Deocotoo" {Ice rN+ Will+}
   (You found it in the Dungeon)

   [ring of ice]

   It enhances your ice magic.
   rF:        It makes you vulnerable to fire.
   rC:        It protects you from cold.
   rN:        It protects you from negative energy.
   Will:      It increases your willpower.
 q - a +5 ring of evasion
 v - a +6 ring of dexterity
 w - a ring of poison resistance
 C - a ring of fire
 G - the amulet of Vitality (around neck) {RegenMP++ Regen++}
   (You found it in the Dungeon)

   [amulet of magic regeneration]

   It increases your rate of magic regeneration.
   Regen:     It increases your rate of health regeneration.
 J - a +3 ring of slaying
 K - a +6 ring of evasion (left hand)
 L - a +3 ring of slaying
 P - a +6 ring of intelligence
 Q - a +6 ring of strength (right hand)
Wands
 y - a wand of charming (13)
Scrolls
 j - 4 scrolls of identify
 t - 4 scrolls of fear
 D - 5 scrolls of amnesia
 E - a scroll of summoning
 H - 2 scrolls of enchant weapon
 I - 2 scrolls of fog
Potions
 b - 7 potions of brilliance
 e - 11 potions of curing
 f - 5 potions of heal wounds
 g - 4 potions of haste
 h - 5 potions of magic
 i - 5 potions of berserk rage
 k - 2 potions of invisibility
 n - 4 potions of might
 s - a potion of ambrosia
 u - a potion of flight
Miscellaneous
 p - a lightning rod (4/4)


   Skills:
 + Level 22.7 Fighting
 + Level 24.4 Axes
 + Level 23.0 Armour
 + Level 21.0 Shields
 O Level 27 Invocations


You had 14 spell levels left.
You didn't know any spells.
Your spell library contained the following spells:

 Spells                   Type           Power      Damage    Failure   Level
 Sandblast                Erth           0%         2d4       95%         1
 Passwall                 Tmut/Erth      0%         N/A       98%         2
 Stone Arrow              Conj/Erth      0%         3d7       100%        3
 Chain Lightning          Conj/Air       0%         N/A       100%        9
 Fire Storm               Conj/Fire      0%         5d1       100%        9
 Shatter                  Erth           0%         3d5*      100%        9


Dungeon Overview and Level Annotations

Branches:
Dungeon (1/1)

Altars:
Ashenzari
Cheibriados
Dithmenos
Elyvilon
Fedhas
Gozag
Hepliaklqana
Kikubaaqudgha
Makhleb
Nemelex Xobeh
Okawaru
Qazlal
Ru
Sif Muna
Trog
Uskayaw
Vehumet
Wu Jian
Xom
Yredelemnul
Zin
The Shining One
Beogh
Jiyva
Lugonu


Message History

Your burning bush throws fire at the ghostly black draconian knight.
The puff of flame hits the ghostly black draconian knight!!
Something hits your burning bush but does no damage.
Aiming: Grow Oklob (0% risk of failure)
Press: ? - help, Dir - move target, f - briar patch
Aim: a briar patch (summoned, friendly) That space is already occupied.
Aiming: Grow Oklob (0% risk of failure)
Press: ? - help, Dir - move target, p - briar patch An oklob plant grows from the ground.
You feel sick.
The deep elf sorcerer points at you and mumbles some strange words.
The bolt of acid hits your briar patch!!
Your briar patch is destroyed!
Your briar patch disappears in a puff of smoke!
The bolt of acid hits your briar patch!!!
Your briar patch is destroyed!
Your briar patch disappears in a puff of smoke!
The bolt of acid hits you!!!
* * * LOW HITPOINT WARNING * * *
The bolt of acid hits your briar patch!!!
The acid corrodes your briar patch! Something hits your burning bush!
The ghostly black draconian knight casts a spell at your burning bush.
The shard of ice hits your burning bush!!
Something hits your burning bush.
Okay, then.
You walk carefully through the plants.
You feel sick.
You are no longer poisoned.
The deep elf sorcerer is no longer covered in acid.
The vampire mage seems less brilliant.
The deep elf sorcerer hits your briar patch with a +0 short sword.
Your briar patch is destroyed!
Your briar patch disappears in a puff of smoke!
Your oklob plant spits acid at the deep elf sorcerer.
Fedhas protects a plant from harm. x3
The splash of acid hits the deep elf sorcerer!!
The acid corrodes the deep elf sorcerer!
The deep elf death mage gestures at you while chanting.
The bolt of negative energy hits you!!!
You feel drained.
You die...
Fedhas appreciates your contribution to the ecosystem.

#################+#
......(...........#
.)......).........#
)'##...########.PP#
....#[.[[#[.#[[P@P#
)...##''##.[#[[P.P#
....#....#.....#§P#
..###....####..#e.#
............+..#§e#
.........####..#..#
...####))#.....#..#
...# #..#[[#[.#q.#
..## +..#[.#[.P.P#


You could see a deep elf death mage (empowered, ally target), a deep elf
sorcerer (fast, empowered, distracted, corroded, ally target) and 2 friendly
oklob plants.

Vanquished Creatures
  A rockslime (D)
  A nagaraja (D)
  A ghost moth (D)
  An orc warlord (D)
  A dire elephant (D)
  An ettin (D)
  A yaktaur captain (D)
  A vault guard (D)
  A naga warrior (D)
  A bog body (D)
  5 orc knights (D)
  A cyclops (D)
  3 yaktaurs (D)
  A wind drake (D)
  A blink frog (D)
  3 dream sheep (D)
  A jumping spider (D)
  A water elemental (D)
  2 fire bats (D)
  A fire elemental (D)
  A vampire mosquito (D)
  An acid dragon (D)
  A water moccasin (D)
  A floating eye (D)
  A black bear (D)
  An ice beast (D)
  A centaur (D)
  Blork the orc (D)
  A bullfrog (D)
  3 orc wizards (D)
  A hell rat (D)
  A mummy (D)
  2 gnolls (D)
  A river rat (D)
  An ufetubus (D)
  3 orcs (D)
  A bat skeleton (D)
  A giant cockroach (D)
  5 jackals (D)
  A kobold (D)
  3 quokkas (D)
  A ball python (D)
62 creatures vanquished.

Vanquished Creatures (collateral kills)
  A death cob (D)
  A storm dragon (D)
  Agnes (D)
  2 nagarajas (D)
  A rockslime (D)
  A shadow dragon (D)
  A daeva (D)
  A draconian scorcher (D)
  3 frost giants (D)
  3 ghost moths (D)
  2 orc warlords (D)
  A spriggan defender (D)
  An apis (D)
  2 green draconians (D)
  A vampire knight (D)
  A white draconian (D)
  A green death (D)
  Snorg (D)
  A blizzard demon (D)
  A mummy priest (D)
  A yaktaur captain (D)
  2 fire dragons (D)
  Josephine (D)
  An ice dragon (D)
  A rakshasa (D)
  2 hydras (D)
  2 alligator snapping turtles (D)
  2 two-headed ogres (D)
  2 death knights (D)
  An anaconda (shapeshifter) (D)
  2 death yaks (D)
  2 alligators (D)
  A naga warrior (D)
  A spriggan berserker (D)
  2 deep elf knights (D)
  An iron troll (D)
  A soul eater (D)
  A sixfirhy (D)
  2 deep trolls (D)
  A spriggan druid (D)
  3 flayed ghosts (D)
  A swamp dragon (D)
  3 lindwurms (D)
  A bog body (D)
  6 orc knights (D)
  Pikel (D)
  An orc sorcerer (D)
  A wolf spider (D)
  5 elephants (D)
  A cyclops (D)
  2 slime creatures (D)
  A demonic crawler (D)
  2 yaktaurs (D)
  3 orange demons (D)
  An efreet (D)
  A freezing wraith (D)
  An ice devil (D)
  A polar bear (D)
  A wind drake (D)
  2 hornets (D)
  3 blink frogs (D)
  4 dream sheep (D)
  A large abomination (D)
  A jumping spider (shapeshifter) (D)
  2 ynoxinuls (D)
  A shadow (D)
  An air elemental (D)
  A spriggan (D)
  A wyvern (D)
  6 wraiths (D)
  3 yaks (D)
  A neqoxec (D)
  2 chaos spawn (D)
  A vampire mosquito (D)
  A warg (D)
  2 acid dragons (D)
  A floating eye (D)
  5 hell hounds (D)
  2 orc warriors (D)
  A sky beast (D)
  A swamp drake (D)
  An ice beast (D)
  A gnoll sergeant (D)
  An earth elemental (D)
  A jelly (D)
  A hell rat (D)
  3 orc wizards (D)
  3 gnolls (D)
  7 orcs (D)
  A goblin (D)
  2 jackals (D)
  2 ball python simulacra (D)
  9 ballistomycete spores (D)
167 creatures vanquished.

Vanquished Creatures (others)
  A deep elf knight (D)
  A wizard (D)
  A wandering mushroom (D)
  A bullfrog (D)
  An adder skeleton (D)
  A ballistomycete spore (D)
6 creatures vanquished.

Grand Total: 235 creatures vanquished

Notes
Turn   | Place    | Note
-------+----------+-------------------------------------------
     0 | D        | BigDaddyOpFi the Hill Orc Fighter began the quest for the
                  | Orb.
     0 | D        | Reached XP level 1. HP: 19/19 MP: 1/1
    15 | D        | Reached XP level 2. HP: 28/28 MP: 2/2
    19 | D        | Found a bloodstained altar of Trog.
    19 | D        | Found a shimmering blue altar of Sif Muna.
    19 | D        | Found a viscous altar of Jiyva.
    19 | D        | Found a hazy altar of Hepliaklqana.
    19 | D        | Found an opulent altar of Gozag.
    20 | D        | Found a glowing golden altar of the Shining One.
    20 | D        | Found a glowing silver altar of Zin.
    20 | D        | Found a basalt altar of Yredelemnul.
    20 | D        | Found a shimmering altar of Xom.
    20 | D        | Found an ornate altar of the Wu Jian Council.
    20 | D        | Found a sacrificial altar of Ru.
    20 | D        | Found a stormy altar of Qazlal.
    20 | D        | Found an iron altar of Okawaru.
    20 | D        | Found a sparkling altar of Nemelex Xobeh.
    20 | D        | Found a burning altar of Makhleb.
    20 | D        | Found a blossoming altar of Fedhas.
    20 | D        | Found a white marble altar of Elyvilon.
    20 | D        | Found a shadowy altar of Dithmenos.
    20 | D        | Found a snail-covered altar of Cheibriados.
    22 | D        | Found a radiant altar of Vehumet.
    22 | D        | Found a corrupted altar of Lugonu.
    22 | D        | Found a roughly hewn altar of Beogh.
    23 | D        | Found a hide-covered altar of Uskayaw.
    23 | D        | Found an ancient bone altar of Kikubaaqudgha.
    23 | D        | Found a broken altar of Ashenzari.
    37 | D        | Became a worshipper of Fedhas Madash
    69 | D        | Reached skill level 1 in Invocations
    72 | D        | Noticed a floating eye
    74 | D        | Killed a floating eye
    74 | D        | Reached * piety under Fedhas
    75 | D        | Reached skill level 5 in Axes
    75 | D        | Reached skill level 5 in Armour
    75 | D        | Reached skill level 5 in Shields
    75 | D        | Reached skill level 5 in Invocations
    75 | D        | Reached XP level 3. HP: 37/37 MP: 2/7
    75 | D        | Reached XP level 4. HP: 44/44 MP: 2/8
   236 | D        | Reached ** piety under Fedhas
   237 | D        | Reached skill level 6 in Invocations
   237 | D        | Reached XP level 5. HP: 41/50 MP: 9/9
   238 | D        | Reached *** piety under Fedhas
   299 | D        | Noticed Blork the orc
   299 | D        | Noticed a black bear
   300 | D        | Noticed a centaur
   300 | D        | Noticed a fire bat
   306 | D        | Killed a fire bat
   307 | D        | Reached skill level 8 in Invocations
   307 | D        | Reached XP level 6. HP: 28/60 MP: 9/12
   309 | D        | Noticed an ice beast
   316 | D        | Killed Blork the orc
   317 | D        | Reached skill level 9 in Invocations
   317 | D        | Reached **** piety under Fedhas
   320 | D        | Killed an ice beast
   321 | D        | Reached skill level 10 in Invocations
   324 | D        | Killed a black bear
   325 | D        | Reached XP level 7. HP: 16/69 MP: 11/15
   328 | D        | Reached skill level 11 in Invocations
   419 | D        | Noticed a bog body
   430 | D        | Killed a bog body
   431 | D        | Reached skill level 10 in Axes
   431 | D        | Reached skill level 12 in Invocations
   431 | D        | Reached XP level 8. HP: 32/78 MP: 15/17
   783 | D        | Reached ***** piety under Fedhas
   790 | D        | Reached skill level 13 in Invocations
   869 | D        | Noticed Pikel
   877 | D        | Killed Pikel
   878 | D        | Reached skill level 10 in Fighting
   878 | D        | Reached skill level 14 in Invocations
   878 | D        | Reached XP level 9. HP: 86/86 MP: 13/19
  1047 | D        | Got the +2 halberd of Yhesaobb {holy, Fragile Will+ Str+5
                  | SInv}
  1125 | D        | Noticed a swamp dragon
  1135 | D        | Reached skill level 10 in Shields
  1135 | D        | Reached skill level 15 in Invocations
  1138 | D        | Reached skill level 10 in Armour
  1138 | D        | Killed a swamp dragon
  1139 | D        | Reached skill level 16 in Invocations
  1164 | D        | Noticed a deep troll
  1165 | D        | Noticed a flayed ghost
  1171 | D        | Killed a deep troll
  1171 | D        | Reached ****** piety under Fedhas
  1172 | D        | Reached XP level 10. HP: 94/97 MP: 12/22
  1174 | D        | Reached skill level 17 in Invocations
  1177 | D        | Killed a flayed ghost
  1206 | D        | Noticed an orange demon
  1221 | D        | Killed an orange demon
  1226 | D        | Reached skill level 18 in Invocations
  1608 | D        | Noticed a lindwurm
  1615 | D        | Killed a lindwurm
  1623 | D        | Noticed a demonic crawler
  1626 | D        | Killed a demonic crawler
  1631 | D        | Noticed a death cob
  1631 | D        | Noticed an orange demon
  1631 | D        | Noticed a lindwurm
  1632 | D        | Killed a death cob
  1633 | D        | Reached skill level 19 in Invocations
  1633 | D        | Reached XP level 11. HP: 54/107 MP: 5/24
  1633 | D        | Noticed a flayed ghost
  1635 | D        | Killed a flayed ghost
  1638 | D        | Noticed a death yak
  1640 | D        | Killed a death yak
  1650 | D        | Killed a lindwurm
  1651 | D        | Reached skill level 15 in Axes
  1651 | D        | Reached skill level 20 in Invocations
  1663 | D        | Noticed a wizard
  1663 | D        | Noticed a flayed ghost
  1667 | D        | Killed a wizard
  1674 | D        | Killed a flayed ghost
  1741 | D        | Reached skill level 21 in Invocations
  1744 | D        | HP: 4/111 [spore (32)]
  1895 | D        | Noticed a two-headed ogre
  1899 | D        | Killed a two-headed ogre
  1921 | D        | Reached skill level 15 in Fighting
  2144 | D        | Found the +3 giant club "Skullcrusher" {speed, Str+7}
  2269 | D        | Noticed a two-headed ogre
  2279 | D        | Reached XP level 12. HP: 119/119 MP: 9/26
  2279 | D        | Killed a two-headed ogre
  2309 | D        | Reached skill level 22 in Invocations
  2332 | D        | Noticed Snorg
  2361 | D        | Killed Snorg
  2403 | D        | Noticed a deep elf knight
  2420 | D        | Paralysed by a hornet for 1 turns
  2460 | D        | Killed a deep elf knight
  3339 | D        | Noticed a death knight
  3342 | D        | Got the +0 cloak of Joteodeugh {Regen+}
  3349 | D        | Noticed a frost giant
  3356 | D        | HP: 5/122 [frost giant/+2 battleaxe of freezing (17)]
  3356 | D        | HP: 1/122 [frost giant/+2 battleaxe of freezing (4)]
  3436 | D        | Killed a death knight
  3437 | D        | Killed a frost giant
  3438 | D        | Reached skill level 23 in Invocations
  3653 | D        | Noticed an orc warlord
  3654 | D        | Noticed an orc warlord
  3671 | D        | Reached skill level 15 in Armour
  3671 | D        | Reached skill level 15 in Shields
  3688 | D        | Noticed a yaktaur captain
  3689 | D        | Noticed a deep elf knight
  3690 | D        | Noticed a ghost moth
  3690 | D        | Noticed a naga warrior
  3694 | D        | Killed a deep elf knight
  3705 | D        | Killed a yaktaur captain
  3716 | D        | Killed a ghost moth
  3717 | D        | Reached skill level 24 in Invocations
  3717 | D        | Reached XP level 13. HP: 89/130 MP: 2/29
  3719 | D        | Killed an orc warlord
  3758 | D        | Noticed a yaktaur captain
  3790 | D        | Killed a yaktaur captain
  3791 | D        | Reached skill level 25 in Invocations
  3893 | D        | Noticed a nagaraja
  3903 | D        | Killed a nagaraja
  3979 | D        | Killed an orc warlord
  3990 | D        | Noticed a frost giant
  4007 | D        | Killed a frost giant
  4211 | D        | Noticed a vault guard
  4216 | D        | Killed a vault guard
  4265 | D        | Reached skill level 26 in Invocations
  4350 | D        | Noticed a blizzard demon
  4350 | D        | Noticed an ice dragon
  4350 | D        | Noticed a rakshasa
  4360 | D        | Killed an ice dragon
  4364 | D        | Killed a rakshasa
  4368 | D        | Killed a blizzard demon
  4380 | D        | Got the ring "Deocotoo" {Ice rN+ Will+}
  4718 | D        | Noticed Josephine
  4725 | D        | Noticed a shadow dragon
  4730 | D        | Killed a shadow dragon
  4731 | D        | Killed Josephine
  4734 | D        | Reached skill level 27 in Invocations
  4734 | D        | Reached XP level 14. HP: 144/144 MP: 8/31
  4738 | D        | Noticed a ghost moth
  4740 | D        | Killed a ghost moth
  4742 | D        | Noticed a vampire knight
  4748 | D        | Killed a vampire knight
  4761 | D        | Identified the +3 war axe of Insomnia {holy, Fly Will+
                  | Str+3}
  4787 | D        | Got the +6 chain mail of Inquiry {Int+6 SInv}
  5096 | D        | Noticed a ghost moth
  5100 | D        | Killed a ghost moth
  5103 | D        | Noticed an apis
  5105 | D        | Killed an apis
  5111 | D        | Found the amulet of Vitality {RegenMP++ Regen++}
  5144 | D        | Noticed a ghost moth
  5148 | D        | Paralysed by an air elemental for 1 turns
  5150 | D        | Paralysed by an air elemental for 1 turns
  5154 | D        | Killed a ghost moth
  5156 | D        | Noticed a storm dragon
  5160 | D        | Killed a storm dragon
  5161 | D        | Noticed Agnes
  5163 | D        | Killed Agnes
  5168 | D        | Noticed a green draconian
  5177 | D        | Noticed a green draconian
  5183 | D        | Killed a green draconian
  5188 | D        | Killed a green draconian
  5227 | D        | Noticed a daeva
  5238 | D        | Killed a daeva
  5448 | D        | Noticed a white draconian
  5467 | D        | Killed a white draconian
  5499 | D        | Noticed a spriggan defender
  5500 | D        | Noticed a frost giant
  5504 | D        | Noticed an orc warlord
  5505 | D        | Noticed a rockslime
  5509 | D        | Killed a spriggan defender
  5510 | D        | Reached XP level 15. HP: 160/160 MP: 15/32
  5512 | D        | Killed a frost giant
  5519 | D        | Killed a rockslime
  5521 | D        | Noticed a nagaraja
  5522 | D        | Killed an orc warlord
  5525 | D        | Noticed a rockslime
  5525 | D        | Killed a nagaraja
  5527 | D        | Killed a rockslime
  5911 | D        | Noticed a black draconian knight
  5912 | D        | Noticed a red draconian scorcher
  5912 | D        | Noticed a nagaraja
  5921 | D        | Noticed a deep elf sorcerer
  5924 | D        | Killed a black draconian knight
  5924 | D        | Killed a red draconian scorcher
  5926 | D        | Killed a nagaraja
  5934 | D        | Killed from afar by a deep elf death mage

Illustrated notes

Levels and vault maps discovered:
D:        pitsprint [storerooms_1, entrance_room_1, metal_vault_7, armoury_1,
          mini_pit_1, grid_room_1, main_hall_1, silver_pit, the_coven_3,
          the_vestibule_1, steel_vault_1, golden_pit, hallway_of_sentries,
          crystal_vault_1, iron_vault_2, final_vault]

Skill      XL: |  1  2  3  4  5  6  7  8  9 10 11 12 13 14 15 |
---------------+----------------------------------------------+-----
Fighting       | 4 6 7 8 9 10 12 13 15 16 18 21 22 | 22.7
Axes           | 3 5 7 8 10 11 12 14 16 18 20 23 24 | 24.4
Armour         | 4 5 6 7 8 9 11 12 13 15 17 22 23 | 23.0
Shields        | 4 5 6 7 8 9 11 12 13 15 17 20 21 | 21.0
Invocations    | 5 6 8 10 12 14 16 19 21 24 27 | 27.0

Action                     |  1- 3 |  4- 6 |  7- 9 | 10-12 | 13-15 || total
---------------------------+-------+-------+-------+-------+-------++-------
  Melee: War axe           |    11 |    25 |    33 |       |       ||    69
         Halberd           |       |       |     7 |    19 |       ||    26
         Broad axe         |       |       |       |     9 |    98 ||   107
 Invoke: Grow Oklob        |       |       |     2 |    11 |    14 ||    27
         Overgrow          |       |       |     1 |     5 |     8 ||    14
         Wall of Briars    |       |       |       |    10 |    17 ||    27
    Use: Potion            |       |     3 |     4 |    11 |     4 ||    22
         Scroll            |       |       |       |     3 |     4 ||     7
   Stab: Distracted        |       |       |       |     1 |     2 ||     3
 Armour: Scale mail        |     6 |    10 |       |       |       ||    16
         Chain mail        |       |    16 |    16 |       |       ||    32
         Plate armour      |       |       |    14 |    48 |    63 ||   125
  Dodge: Dodged            |     4 |    12 |    29 |    27 |    25 ||    97
  Block: Buckler           |     2 |     9 |     6 |    14 |       ||    31
         Tower shield      |       |       |       |    15 |   105 ||   120

Table legend: (Time is in decaauts)
 A = Elapsed time spent in this place.
 B = Non-inter-level travel time spent in this place.
 C = Inter-level travel time spent in this place.
 D = Time resting spent in this place.
 E = Time spent auto-exploring this place.
 F = Levels seen in this place.
 G = Mean time per level.
                   A        B        C        D        E       F      G
               +--------+--------+--------+--------+--------+-----+--------+
         Total |   6002 |   5817 |    185 |   3142 |    200 |   1 | 6002.0 |
       Dungeon |   6002 |   5817 |    185 |   3142 |    200 |   1 | 6002.0 |
               +--------+--------+--------+--------+--------+-----+--------+

Top non-repeatable levels by time:
       D: 6002 daAuts
